 Dungeon Crawl Stone Soup version 0.31.0-11-ge490571c62 (webtiles) character file.

Game seed: 7920481362520244896

606 browni3141 the Chopper (level 7, -10/61 HPs)
             Began as a Minotaur Fighter on Jan 29, 2024.
             Mangled by an ogre
             ... wielding a +0 giant club
              (14 damage)
             ... on level 5 of the Dungeon.
             The game lasted 00:01:42 (4003 turns).

browni3141 the Chopper (Minotaur Fighter)           Turns: 4003, Time: 00:01:42

Health: -10/61     AC: 14    Str: 23    XL:     7   Next: 19%
Magic:  6/6        EV:  8    Int:  5    God:
Gold:   267        SH:  5    Dex:  9    Spells: 6/6 levels left

rFire   + . .        a - +0 war axe
rCold   x . .        c - +0 buckler
rNeg    . . .        D - +0 chain mail
rPois   .            (helmet restricted)
rElec   .            (no cloak)
rCorr   .            u - +0 pair of gloves
SInv    .            C - +2 pair of boots
Will    +....        (no amulet) Stlth
                     l - ring of willpower
HPRegen 0.30/turn    k - ring of fire
MPRegen 0.10/turn

%: no passive effects
@: no status effects
A: horns 2, retaliatory headbutt
a: no special abilities


You were on level 5 of the Dungeon.
You visited 1 branch of the dungeon, and saw 5 of its levels.

You collected 267 gold pieces.

Inventory:

Hand Weapons
 a - a +0 war axe (weapon)
Missiles
 h - 2 throwing nets (quivered)
 i - 3 javelins
Armour
 b - a +0 scale mail
 c - a +0 buckler (worn)
 u - a +0 pair of gloves (worn)
 C - a +2 pair of boots (worn)
 D - a +0 chain mail (worn)
Jewellery
 k - a ring of fire (right hand)
 l - a ring of willpower (left hand)
 w - a ring of flight
Wands
 m - a wand of charming (9)
Scrolls
 e - a scroll of vulnerability {unknown}
 f - a scroll of poison {unknown}
 g - a scroll of immolation {unknown}
 n - a scroll of revelation {unknown}
 q - a scroll of teleportation {unknown}
 t - a scroll of amnesia {unknown}
 v - a scroll of identify {unknown}
 y - a scroll of fog {unknown}
 A - a scroll of torment {unknown}
 B - a scroll of blinking {unknown}
Potions
 d - 3 potions of might
 j - a potion of enlightenment {unknown}
 o - a potion of haste {unknown}
 p - a potion of degeneration {unknown}
 r - a potion of resistance {unknown}
 s - a potion of invisibility {unknown}
 x - 2 potions of lignification
 z - a potion of heal wounds {unknown}


   Skills:
 + Level 5.5 Fighting
 * Level 6.3 Axes
 + Level 5.5 Armour
 + Level 5.5 Shields


You had 6 spell levels left.
You didn't know any spells.
Your spell library contained the following spells:

 Spells                   Type           Power      Damage    Failure   Level
 Summon Small Mammal      Summ           0%         N/A       98%         1
 Call Canine Familiar     Summ           0%         N/A       100%        3
 Summon Blazeheart Golem  Fire/Summ      0%         N/A       100%        4


Dungeon Overview and Level Annotations

Branches:
Dungeon (5/15)
 Temple: D:4-7

Altars:
Wu Jian
The Shining One

Annotations:
D:5 SuperJoe's ghost, weakling HuDe


Innate Abilities, Weirdness & Mutations

You have a pair of horns on your head.
You reflexively headbutt those who attack you in melee.


Message History

You completely miss Dowan. You block Dowan's attack.
Dowan completely misses you.
You closely miss Dowan. Dowan hits you but does no damage.
You barely miss Dowan. Dowan casts a spell at you. The stone arrow hits you.
You block Dowan's attack.
You hit Dowan.
Dowan is moderately wounded.
Dowan hits you with a +0 dagger.
Dowan says, "Magic will overcome all!"
Dowan casts a spell at you. The stone arrow hits you.
You barely miss Dowan. Your headbutt misses Dowan.
Dowan is moderately wounded.
You block Dowan's attack. Dowan gestures at you while chanting.
You block the stone arrow.
You barely miss Dowan. Your headbutt misses Dowan.
Dowan is moderately wounded.
Dowan breathes, "And she was my only..."
Dowan casts a spell.
Dowan blinks!
Dowan casts a spell.
Dowan blinks!
Dowan casts a spell.
Dowan blinks!
You now have 267 gold pieces (gained 7).
You hit Dowan but do no damage. Your headbutt misses Dowan.
Dowan is moderately wounded.
You block Dowan's attack. Dowan hits you but does no damage.
You barely miss Dowan. Your headbutt misses Dowan.
Dowan is moderately wounded.
Dowan hits you with a +0 dagger. Dowan barely misses you.
You barely miss Dowan.
Dowan is moderately wounded.
You block Dowan's attack.
You slash Dowan!
Dowan is severely wounded.
Dowan points at you and mumbles some strange words.
The shard of ice hits you but does no damage.
Dowan hits you with a +0 dagger.
You closely miss Dowan. Your headbutt misses Dowan.
Dowan is severely wounded.
Dowan barely misses you.
Dowan points at you and mumbles some strange words.
The shard of ice hits you!
You feel a painful chill!
You completely miss Dowan. You headbutt Dowan, but do no damage.
Dowan is severely wounded.
Dowan gestures wildly while chanting.
Dowan blinks!
Dowan gestures at you while chanting. The shard of ice hits you!
You feel a painful chill!
It was a potion of lignification.
You turn into a tree.
Your +0 pair of gloves melds into your body.
Your +2 pair of boots melds into your body.
Your +0 chain mail melds into your body.
Your roots penetrate the ground.
Dowan gestures wildly while chanting.
Dowan blinks!
Aiming: Charm
Press: ? - help, Shift-Dir - straight line, f - Dowan
Aim: Dowan, wielding a +0 dagger and wearing a +0 robe (severely wounded, fast, chance to affect: 49%) Dowan is charmed.
You hit Dowan.
Dowan is no longer charmed.
Dowan is severely wounded.
You block Dowan's attack.
You slash Dowan!
You kill Dowan!
Your transformation is almost over.
You feel less wooden.
Your +0 pair of gloves unmelds from your body.
Your +2 pair of boots unmelds from your body.
Your +0 chain mail unmelds from your body.
The iguana hisses angrily.
SuperJoe's ghost turns its malevolent gaze towards you.
The howler monkey howls!
Key pressed, stopping explore.
The howler monkey howls!
The adder hisses angrily.
HP restored.
Things that are here:
a +0 short sword; a +2 leather armour of cold resistance An ogre comes into view.
It is wielding a +0 giant club.
An ogre is nearby!
An ogre is nearby!
An ogre is nearby!
The ogre hits you with a +0 giant club!!
You slash the ogre! Your headbutt misses the ogre.
The ogre is moderately wounded.
You slash the ogre!
You headbutt the ogre, but do no damage.
The ogre is almost dead.
The ogre hits you with a +0 giant club!!
You closely miss the ogre.
The ogre is almost dead.
The ogre hits you with a +0 giant club!
You barely miss the ogre.
The ogre is almost dead.
The ogre hits you with a +0 giant club!
You die...

########
#.......
#.......
#(###.......
#.!O@.###
#####...# .#
###.# .#
#.#######.###
## #.......#...
...
##...##.#.###.#
...#
###.)#.......#
... #....#.#
#.###.##.).#


You could see an ogre.

Vanquished Creatures
  Duvessa (D:5)
  A black bear (D:4)
  Blork the orc (D:4)
  Dowan (D:5)
  A jelly (D:4)
  2 iguanas
  Robin (D:2)
  6 adders
  4 gnolls (D:4)
  A ribbon worm (D:2)
  2 dart slugs
  7 orcs (D:3)
  6 ball pythons
  2 bats
  7 endoplasms
  3 giant cockroaches
  9 hobgoblins
  8 jackals
  6 kobolds
  7 quokkas
  3 frilled lizards (D:1)
  13 goblins
  4 rats
96 creatures vanquished.

Notes
Turn   | Place    | Note
-------+----------+-------------------------------------------
     0 | D:1      | browni3141 the Minotaur Fighter began the quest for the
                  | Orb.
     0 | D:1      | Reached XP level 1. HP: 19/19 MP: 0/0
   139 | D:1      | Reached XP level 2. HP: 24/27 MP: 1/1
   169 | D:1      | Reached skill level 3 in Axes
   491 | D:1      | Reached XP level 3. HP: 33/33 MP: 2/2
   648 | D:2      | Found a glowing golden altar of the Shining One.
   659 | D:2      | Found a faded altar of an unknown god.
  1169 | D:2      | Reached XP level 4. HP: 40/40 MP: 3/3
  1292 | D:2      | Noticed Robin
  1306 | D:2      | Reached skill level 4 in Axes
  1308 | D:2      | Killed Robin
  2096 | D:3      | Reached XP level 5. HP: 17/47 MP: 4/4
  2220 | D:3      | Found an ornate altar of the Wu Jian Council.
  2657 | D:4      | Reached skill level 5 in Axes
  2929 | D:4      | Noticed Blork the orc
  2936 | D:4      | Killed Blork the orc
  2937 | D:4      | Reached skill level 5 in Armour
  2937 | D:4      | Reached skill level 5 in Shields
  2937 | D:4      | Reached XP level 6. HP: 51/55 MP: 5/5
  3058 | D:4      | Reached skill level 5 in Fighting
  3764 | D:5      | Entered Level 5 of the Dungeon
  3773 | D:5      | Noticed Duvessa
  3782 | D:5      | Killed Duvessa
  3782 | D:5      | Noticed Dowan
  3783 | D:5      | Reached skill level 6 in Axes
  3783 | D:5      | Reached XP level 7. HP: 35/61 MP: 6/6
  3806 | D:5      | Killed Dowan
  3833 | D:5      | Noticed SuperJoe's ghost (weakling HuDe)
  4003 | D:5      | Mangled by an ogre

Illustrated notes

Levels and vault maps discovered:
D:1:      minmay_arrival_five_plusses, layout_rooms, minmay_misc_feat_ornament,
          minivault_14
D:2:      layout_basic, dreamdust_ecumenical_altar_statues, basic_altar,
          uniq_robin
D:3:      layout_loops_ring, nzn_wu_jian_council_hall, grunt_ministairs_1,
          dreamdust_princess_bridge, dreamdust_wishing_well
D:4:      layout_basic, serial_library_regret_index_split_case,
          uniq_blork_the_orc
D:5:      layout_basic, mainiacjoe_overflow_tiny_flanked, gammafunk_ghost_split,
          uniq_duvessa

Skill      XL: |  1  2  3  4  5  6 |
---------------+-------------------+-----
Axes           | 3 4 5 6 |  6.3
Armour         | 4 5 |  5.5
Fighting       | 4 5 |  5.5
Shields        | 4 5 |  5.5

Action                     |  1- 3 |  4- 6 |  7- 9 || total
---------------------------+-------+-------+-------++-------
  Melee: War axe           |    81 |   104 |    19 ||   204
         Headbutt          |     8 |    17 |     2 ||    27
  Evoke: Wand              |       |       |     1 ||     1
    Use: Potion            |       |       |     1 ||     1
 Armour: Scale mail        |    63 |    87 |       ||   150
         Chain mail        |       |    10 |    16 ||    26
  Dodge: Dodged            |    41 |    70 |     3 ||   114
  Block: Buckler           |    24 |    20 |     7 ||    51
